 Dungeon Crawl Stone Soup version 0.29.1-12-g30fa7ad0bf (webtiles) character file.

Game seed: 6916255904596340426

17 thatblackman the Grave Robber (level 2, -2/19 HPs)
             Began as a Vampire Necromancer on Jan 10, 2023.
             Slain by an orc
             ... wielding a +0 club
              (3 damage)
             ... on level 3 of the Dungeon on Jan 11, 2023.
             The game lasted 00:03:41 (397 turns).

thatblackman the Grave Robber (Vampire Necromancer)  Turns: 397, Time: 00:03:41

Health: -2/19      AC:  2    Str:  7    XL:     2   Next: 44%
Magic:  4/5        EV: 12    Int: 17    God:
Gold:   9          SH:  0    Dex: 14    Spells: 4/5 levels left

rFire   . . .      SeeInvis +   d - +0 hand axe
rCold   . . .      Faith    .   (no shield)
rNeg    . . .      Spirit   .   a - +0 robe
rPois   .          Reflect  .   (no helmet)
rElec   .          Harm     .   (no cloak)
rCorr   .          Rampage  .   (no gloves)
Will    .....                   (no boots)
Stlth   ++........              (no amulet)
HPRegen 0.26/turn               (no ring)
MPRegen 0.09/turn               (no ring)

@: healing quickly
A: alive, fangs 3, see invisible, vampiric 1
a: Exsanguinate


You were on level 3 of the Dungeon.
You visited 1 branch of the dungeon, and saw 3 of its levels.

You collected 9 gold pieces.

Inventory:

Hand Weapons
 d - a +0 hand axe (weapon)
 f - a +0 dagger
Armour
 a - a +0 robe (worn)
 c - a scarf of repulsion
Scrolls
 h - a scroll of identify {unknown}
Potions
 b - a potion of magic
 e - a potion of brilliance {unknown}
 g - a potion of curing {unknown}
 i - 2 potions of cancellation {unknown}


   Skills:
 + Level 2.4 Dodging
 + Level 3.2 Stealth
 + Level 2.1 Spellcasting
 + Level 4.9 Necromancy


You had 4 spell levels left.
You knew the following spells:

 Your Spells              Type           Power      Damage    Failure   Level
a - Necrotise             Necr           72%        1d7       2%          1

Your spell library contained the following spells:

 Spells                   Type           Power      Damage    Failure   Level
 Vampiric Draining        Necr           18%        2d7       8%          3
 Animate Dead             Necr           18%        N/A       26%         4
 Agony                    Necr           18%        N/A       56%         5


Dungeon Overview and Level Annotations

Branches:
Dungeon (3/15)

Altars:


Innate Abilities, Weirdness & Mutations

Your natural rate of healing is accelerated.
You have razor-sharp teeth.
You have supernaturally acute eyesight. (SInv)
You are afflicted with vampirism.


Message History

The orc barely resists.
The orc hits you with a +0 dagger.
You are too injured to fight recklessly!
You are too injured to fight recklessly!
The orc attacks as you move away! The orc hits you with a +0 dagger.
The orc attacks as you move away! The orc misses you.
The orc hits you with a +0 dagger.
* * * LOW HITPOINT WARNING * * *
The orc attacks as you move away! The orc hits you with a +0 dagger.
* * * LOW HITPOINT WARNING * * *
The orc attacks as you move away! The orc hits you with a +0 dagger.
* * * LOW HITPOINT WARNING * * *
The orc hits you but does no damage. The orc hits you with a +0 dagger.
* * * LOW HITPOINT WARNING * * *
The orc attacks as you move away! The orc closely misses you.
You see here a hobgoblin corpse.
The orc attacks as you move away! The orc closely misses you.
The orc attacks as you move away! The orc misses you.
The orc barely misses you. The orc attacks as you move away!
The orc hits you with a +0 dagger.
* * * LOW HITPOINT WARNING * * *
The orc hits you but does no damage. The orc barely misses you.
You hit the orc.
The orc is almost dead.
You hit the orc. You barely miss the orc.
The orc hits you with a +0 short sword.
* * * LOW HITPOINT WARNING * * *
The orc hits you with a +0 dagger.
* * * LOW HITPOINT WARNING * * *
The orc completely misses you.
You are too injured to fight recklessly!
You are too injured to fight recklessly!
You hit the orc.
You kill the orc!
You hit the orc.
You kill the orc!
You hit the orc. The orc barely misses you.
The orc hits you but does no damage. The orc hits you with a +0 club.
You die...

#####.##.#.#
#.##.#.# #.##.#.#
#......#
#....####
####.###
#.......#
####.####
........#
#.r.†...#
#.......#
#.#o.##.#
#.......#
#@o#.##.#
#.....o.#
#.###.#r#
#...).###).#.##o#
#.......###.#
#.###.......# #.#
##..#####
........#
##.####.## #.#
#.#


You could see 2 orcs and a quokka.

Vanquished Creatures
  3 orcs (D:3)
  2 endoplasms
  A giant cockroach (D:1)
  2 hobgoblins
  A kobold (D:2)
  2 bats (D:2)
  A rat (D:1)
12 creatures vanquished.

Vanquished Creatures (collateral kills)
  A rat (D:1)
1 creature vanquished.

Grand Total: 13 creatures vanquished

Notes
Turn   | Place    | Note
-------+----------+-------------------------------------------
     0 | D:1      | thatblackman the Vampire Necromancer began the quest for
                  | the Orb.
     0 | D:1      | Reached XP level 1. HP: 13/13 MP: 3/3
   202 | D:2      | Reached XP level 2. HP: 13/19 MP: 3/5
   397 | D:3      | Slain by an orc

Illustrated notes

Levels and vault maps discovered:
D:1:      sevenhm_arrival_forest_fort_small_3, layout_basic,
          shapermc_ecumenical_altar_flowoftime
D:2:      layout_basic, basic_altar
D:3:      layout_loops_cross, minmay_misc_feat_columns, amethyst_killhole,
          st_stairs_6, uniq_sigmund

Action                   || total
-------------------------++-------
Melee: Dagger            ||    10
       Hand axe          ||     7
       Bite              ||     1
 Cast: Necrotise         ||    13
Armor: Robe              ||    18
Dodge: Dodged            ||    39
